Map: Altitude LE

Players

DakkoN

  • Race: Zerg Zerg
  • League: Master
  • Spawn Location: 1:00

Experimental - Winner!

  • Race: Terran Terran
  • League: Grandmaster
  • Spawn Location: 7:00

VOD

Have the link to the VOD?

Description

Time

  • Played on: Feb. 23, 2023, 5:28 p.m.
  • Length: 15:47
Show
View Real Time Build Order
Export as new Build Order

DakkoN Zerg 

Build Orders: Pool First 

Get SALT Encoding   

  12  0:00  Drone  
  13  0:11  Drone  
  14  0:15  Extractor  
  14  0:16  Drone  
  14  0:19  Extractor  
  14  0:21  Drone  
  14  0:27  Overlord  
  16  0:42  Spawning Pool  
  16  0:46  Drone  
  16  0:49  Drone  
  17  0:54  Drone  
  18  1:13  Hatchery  
  18  1:14  Extractor  
  18  1:18  Drone  
  17  1:27  Drone  
  17  1:30  Zergling x2  
  19  1:35  Roach Warren  
  18  1:46  Queen  
  20  1:51  Drone  
  21  1:54  Drone  
  22  2:02  Overlord  
  22  2:22  Queen  
  26  2:32  Roach x3  
  26  2:33  Roach  
  31  2:58  Drone, Overlord  
  32  3:01  Drone x2  
  32  3:02  Drone x2  
  36  3:06  Lair  
  36  3:18  Drone x2  
  36  3:19  Drone x2  
  40  3:23  Drone  
  40  3:26  Extractor  
  40  3:28  Drone, Extractor  
  40  3:40  Drone x4  
  43  3:55  Drone x2  
  43  3:57  Overlord  
  43  3:58  Overlord  
  44  4:03  Extractor  
  44  4:06  Spire  
  42  4:11  Overlord  
  42  4:13  Drone x2  
  44  4:20  Drone  
  45  4:26  Ravager  
  45  4:30  Drone x5  
  45  4:31  Drone x2  
  53  4:54  Overlord x2  
  53  5:00  Drone x2  
  55  5:08  Hatchery  
  54  5:17  Mutalisk x5  
  54  5:19  Mutalisk  
  66  5:22  Drone  
  67  5:28  Glial Reconstitution  
  67  5:36  Overlord  
  67  5:38  Metabolic Boost  
  67  5:40  Roach  
  69  5:44  Overlord  
  69  5:45  Overlord  
  69  5:48  Spore Crawler  
  69  5:49  Spore Crawler  
  67  5:50  Queen  
  67  5:51  Drone  
  67  5:52  Drone  
  71  6:00  Roach x2  
  71  6:01  Roach  
  77  6:06  Pneumatized Carapace  
  67  6:30  Roach  
  67  6:31  Roach x4  
  75  6:48  Drone  
  75  6:49  Drone x3, Queen  
  75  6:50  Drone x3  
  84  7:09  Overlord x2  
  84  7:12  Infestation Pit  
  83  7:18  Evolution Chamber  
  83  7:19  Evolution Chamber  
  81  7:24  Drone x2  
  83  7:35  Roach  
  83  7:36  Roach x11  
  107  7:45  Extractor  
  106  7:57  Drone  
  108  7:58  Drone  
  108  7:59  Drone x8  
  108  8:00  Zerg Missile Weapons Level 1, Zerg Ground Armor Level 1  
  116  8:06  Drone  
  116  8:08  Infestation Pit  
  116  8:13  Zergling x2  
  116  8:15  Zergling x2  
  116  8:18  Overlord x3  
  118  8:21  Hive  
  118  8:26  Pathogen Glands  
  119  8:31  Extractor  
  119  8:33  Spore Crawler  
  117  8:36  Overlord x3  
  117  8:52  Roach x3  
  115  9:06  Infestor  
  115  9:07  Infestor x4  
  125  9:12  Overlord x2  
  125  9:17  Overlord x3  
  125  9:19  Drone x3  
  128  9:28  Ravager x2  
  128  9:29  Ravager x4  
  128  9:30  Zergling x2  
  137  9:31  Zergling x4  
  137  9:35  Ultralisk Cavern, Drone  
  137  9:39  Drone  
  137  9:40  Evolution Chamber  
  137  9:48  Zergling x4  
  139  9:53  Hatchery  
  139  9:54  Zergling x12  
  139  9:55  Zergling x8  
  147  10:09  Zergling x10  
  94  10:32  Ultralisk  
  94  10:33  Ultralisk x3  
  118  10:36  Drone  
  118  10:37  Drone x5  
  118  10:38  Drone  
  125  10:45  Chitinous Plating  
  125  10:49  Zerg Melee Weapons Level 1  
  125  11:02  Drone  
  126  11:08  Adrenal Glands  
  126  11:10  Zergling x18  
  126  11:11  Zergling x6  
  137  11:18  Spore Crawler  
  130  11:29  Corruptor  
  130  11:30  Corruptor x3  
  137  11:43  Drone, Extractor  
  137  11:44  Drone x7, Extractor  
  142  11:54  Drone  
  142  12:00  Baneling Nest  
  142  12:04  Anabolic Synthesis  
  120  12:26  Infestor x3  
  126  12:38  Zergling x2  
  126  12:39  Zergling x12  
  126  12:40  Zergling x2  
  126  12:41  Zergling x18  
  126  12:42  Zerg Ground Armor Level 2  
  126  12:43  Centrifugal Hooks  
  144  12:51  Zergling x2  
  144  12:52  Zergling x4  
  144  12:53  Zerg Flyer Weapons Level 1  
  144  12:54  Corruptor  
  144  12:55  Corruptor x2  
  152  13:02  Overlord  
  152  13:03  Overlord  
  152  13:06  Baneling  
  152  13:07  Baneling x10  
  152  13:11  Hatchery  
  152  13:12  Zerg Missile Weapons Level 2, Zerg Melee Weapons Level 2  
  151  13:17  Zergling x22  
  162  13:25  Drone x2  
  165  13:27  Drone x2  
  165  13:32  Hatchery  
  121  13:55  Ultralisk x4  
  110  14:00  Overlord x2  
  122  14:10  Ultralisk  
  122  14:12  Zergling x10  
  122  14:13  Zergling x6  
  130  14:19  Overseer x2  
  131  14:24  Zergling x16  
  132  14:44  Baneling x4  
  132  14:45  Baneling x5, Zergling x2  
  125  14:46  Zergling x28  
  106  15:07  Zergling x2  
  106  15:08  Zergling x12  
  105  15:19  Extractor  
  105  15:20  Extractor  
  114  15:31  Hatchery  
Show
View Real Time Build Order
Export as new Build Order

Experimental Terran - Winner!

Build Orders: Reaper Expand, Mech 

Get SALT Encoding   

  12  0:00  SCV  
  13  0:12  SCV  
  14  0:17  Supply Depot  
  14  0:24  SCV  
  15  0:39  SCV  
  15  0:40  Barracks  
  16  0:45  Refinery  
  16  0:51  SCV  
  17  1:03  SCV  
  18  1:15  SCV  
  19  1:27  Orbital Command  
  19  1:28  Reaper  
  20  1:40  Command Center  
  20  1:49  Supply Depot  
  20  1:53  SCV  
  21  2:00  Marine  
  22  2:05  SCV  
  23  2:08  Factory  
  23  2:17  SCV  
  24  2:23  Barracks Reactor  
  24  2:30  SCV  
  24  2:44  SCV  
  25  2:50  Command Center  
  25  2:55  Factory Tech Lab  
  24  2:59  Marine, Bunker  
  24  3:00  Refinery, Marine  
  26  3:13  Cyclone  
  26  3:19  Marine x2  
  31  3:25  Orbital Command  
  31  3:30  SCV  
  32  3:37  Marine x2  
  34  3:46  Siege Tank  
  37  3:54  SCV  
  38  4:01  SCV, Marine x2, Starport  
  41  4:08  Orbital Command  
  41  4:11  SCV  
  41  4:17  SCV  
  43  4:23  SCV  
  44  4:27  Marine x2, Siege Tank  
  44  4:29  SCV  
  50  4:35  SCV  
  50  4:36  SCV  
  52  4:41  SCV  
  53  4:48  Supply Depot  
  53  4:50  Supply Depot  
  53  4:58  SCV, Medivac  
  53  4:59  SCV  
  58  5:00  SCV, Barracks, Barracks Tech Lab  
  58  5:02  Barracks  
  58  5:10  Engineering Bay  
  58  5:12  Engineering Bay  
  58  5:13  SCV x2  
  58  5:14  SCV  
  61  5:19  Marine, Stimpack  
  62  5:25  SCV x2  
  62  5:26  SCV  
  65  5:30  Supply Depot, Starport Reactor  
  65  5:37  SCV x2, Terran Infantry Weapons Level 1  
  65  5:41  Refinery  
  67  5:44  Refinery, Supply Depot  
  67  5:45  Marine  
  67  5:47  SCV  
  69  5:51  Marine x2  
  69  5:54  SCV x2  
  73  6:02  SCV  
  73  6:03  Marine  
  78  6:06  SCV  
  78  6:07  Barracks  
  79  6:11  Marine x2  
  74  6:19  SCV x3  
  74  6:22  Missile Turret  
  74  6:23  Marine  
  74  6:25  Viking, Widow Mine  
  65  6:26  Viking  
  65  6:29  Marine  
  65  6:31  Missile Turret  
  65  6:34  SCV  
  62  6:41  SCV x2  
  62  6:45  Barracks Reactor  
  62  6:46  SCV  
  62  6:47  Marine x3  
  60  6:51  Terran Infantry Armor Level 1  
  63  6:56  SCV x2  
  63  6:58  SCV  
  63  7:00  Combat Shield  
  66  7:04  Marine  
  66  7:08  SCV x2  
  68  7:09  Marine  
  68  7:10  Marine  
  68  7:12  Barracks  
  68  7:13  SCV  
  72  7:18  Starport Reactor  
  72  7:20  SCV  
  72  7:22  Marine x2  
  75  7:25  Factory  
  75  7:26  Marine  
  75  7:27  SCV x2, Marine  
  79  7:38  Marine  
  79  7:39  Factory  
  79  7:40  Marine  
  79  7:41  Barracks Reactor, SCV x2  
  84  7:45  Marine, Siege Tank  
  84  7:46  Orbital Command, Marine x2  
  89  7:53  Armory  
  89  7:54  SCV x2  
  89  7:55  Marine  
  92  7:59  Marine  
  92  8:01  Barracks Reactor  
  93  8:07  Bunker  
  93  8:16  Missile Turret  
  93  8:20  Concussive Shells  
  93  8:26  SCV x2, Marine x3, Siege Tank, Supply Depot  
  101  8:27  Supply Depot  
  101  8:31  Supply Depot  
  101  8:47  SCV  
  101  8:48  SCV x2, Marine x6, Medivac x2  
  109  8:49  Marauder  
  109  8:51  Marine x2  
  115  8:56  Factory Tech Lab  
  115  8:58  Siege Tank  
  115  8:59  SCV  
  115  9:00  SCV x2  
  120  9:05  Marine  
  120  9:08  Terran Infantry Weapons Level 2  
  121  9:11  SCV, Marine x3  
  121  9:14  Marine  
  125  9:18  Refinery  
  125  9:19  Bunker  
  125  9:23  Bunker  
  125  9:24  Bunker  
  125  9:27  Terran Infantry Armor Level 2  
  125  9:32  Refinery  
  125  9:41  Supply Depot  
  125  9:44  Supply Depot  
  125  9:46  Supply Depot, Terran Vehicle Weapons Level 1  
  125  10:02  Supply Depot x2, Marine x5  
  125  10:03  Siege Tank  
  125  10:05  Marine x3, Command Center, Medivac x2  
  125  10:06  Siege Tank  
  143  10:09  Supply Depot  
  143  10:10  Supply Depot  
  143  10:12  Marine  
  144  10:20  Marine x3  
  135  10:23  Marine x5  
  135  10:24  SCV  
  135  10:25  SCV x2  
  129  10:30  Marine  
  129  10:35  Siege Tank  
  133  10:36  Barracks  
  133  10:38  Marine x3  
  133  10:39  Barracks  
  133  10:41  Barracks, Marine, Siege Tank  
  140  10:50  Marine x5  
  145  11:02  Marine x4  
  149  11:04  Medivac x2  
  149  11:07  Siege Tank  
  149  11:08  Marine x2  
  149  11:09  SCV x3  
  161  11:12  Marine  
  161  11:13  Marine x2  
  164  11:20  Siege Tank  
  167  11:30  Barracks Tech Lab  
  167  11:31  Barracks Tech Lab  
  167  11:32  Barracks Tech Lab, Ghost Academy  
  161  11:36  Liberator  
  161  11:37  Liberator  
  161  11:39  Siege Tank  
  170  11:52  Siege Tank  
  172  12:00  Command Center  
  171  12:02  Ghost x2, Command Center  
  171  12:05  Ghost  
  177  12:11  Siege Tank  
  173  12:16  Ghost  
  172  12:28  Siege Tank  
  175  12:30  Refinery, Ghost x2  
  175  12:32  Refinery  
  175  12:34  Ghost  
  181  12:38  Planetary Fortress  
  181  12:49  SCV x3  
  184  12:56  Ghost, Command Center  
  186  13:01  SCV  
  186  13:02  Ghost x2  
  191  13:08  SCV x2  
  193  13:13  Planetary Fortress, SCV  
  193  13:19  Ghost  
  194  13:24  Ghost  
  198  13:36  Ghost, Command Center  
  198  13:41  Command Center  
  159  13:53  Marine x6  
  159  13:54  Marauder, Ghost  
  159  13:55  Siege Tank x2  
  166  14:11  Marine  
  166  14:12  Marine x6  
  166  14:13  Marine x3  
  176  14:17  Marine  
  176  14:22  Marine  
  178  14:27  Siege Tank x2  
  184  14:40  Ghost x2  
  186  14:59  Siege Tank  
  178  15:05  Ghost, Marine x4  
  178  15:06  Marauder  
  171  15:09  Ghost  
  171  15:12  Orbital Command  
  172  15:15  Orbital Command, Command Center  
  172  15:21  SCV x4  
Tags
 
Add a new tag
Caveats
  • Supply blocks, unpowered buildings, or Contaminate may cause inaccurate times.
  • Supply counts are checked every 10 seconds.